 Dungeon Crawl Stone Soup version 0.30-a0-292-g0f741e3f8e (webtiles) character file.

Game seed: 1088414098507579606

246 themarg the Trooper (level 6, -8/57 HPs)
             Began as a Hill Orc Monk on Oct 18, 2022.
             Was a Believer of Okawaru.
             Killed from afar by an orc wizard (9 damage)
             ... with a magic dart
             ... on level 4 of the Dungeon.
             The game lasted 00:08:49 (2995 turns).

themarg the Trooper (Hill Orc Monk)                 Turns: 2995, Time: 00:08:50

Health: -8/57      AC:  5    Str: 16    XL:     6   Next: 11%
Magic:  8/8        EV: 12    Int: 10    God:    Okawaru [**....]
Gold:   134        SH:  0    Dex: 13    Spells: 5/5 levels left

rFire   + . .      SeeInvis .    a - +0 hand axe
rCold   . . .      Faith    .    (no shield)
rNeg    . . .      Spirit   .    s - +1 leather armour {rF+}
rPois   .          Reflect  .    (no helmet)
rElec   .          Harm     .    (no cloak)
rCorr   .          Rampage  .    p - +0 pair of gloves
Will    .....                    (no boots)
Stlth   +.........               (no amulet)
HPRegen 0.29/turn                (no ring)
MPRegen 0.11/turn                (no ring)

@: confused
A: no striking features
a: Renounce Religion, Heroism


You were on level 4 of the Dungeon.
You worshipped Okawaru.
Okawaru was pleased with you.
You visited 1 branch of the dungeon, and saw 4 of its levels.

You collected 134 gold pieces.

Inventory:

Hand Weapons
 a - a +0 hand axe (weapon)
Missiles
 b - 3 poisoned darts
 g - 23 stones (quivered)
Armour
 l - a +0 leather armour
 p - a +0 pair of gloves (worn)
 q - a +0 buckler
 s - a +1 leather armour of fire resistance (worn)
Wands
 o - a wand of iceblast (10)
 r - a wand of polymorph (10)
Scrolls
 f - 2 scrolls of teleportation
 i - 2 scrolls of identify
 k - a scroll of vulnerability {unknown}
 m - a scroll of enchant weapon {unknown}
Potions
 h - 4 potions of curing
 n - a potion of haste {unknown}


   Skills:
 * Level 5.9 Fighting
 - Level 4.1 Axes
 - Level 3.0 Dodging
 - Level 3.0 Stealth
 + Level 3.0 Invocations


You had 5 spell levels left.
You didn't know any spells.
Your spell library was empty.

Dungeon Overview and Level Annotations

Branches:
Dungeon (4/15)
 Temple: D:4-7

Altars:
Okawaru


Message History

Something hits you but does no damage. The orc barely misses you.
The orc hits you with a +0 morningstar.
* * * LOW HITPOINT WARNING * * *
You hear some strange, mumbled words.
You are more confused.
Something hits you but does no damage.
You feel less invigorated.
You miss the orc.
The orc is heavily wounded.
You completely miss something. The orc closely misses you.
Something hits you but does no damage.
You miss the orc.
The orc is heavily wounded.
You miss something. The orc hits you with a +0 morningstar!
* * * LOW HITPOINT WARNING * * *
You hear some strange, mumbled words.
A puff of flame appears from out of thin air!
The puff of flame hits you. You resist.
* * * LOW HITPOINT WARNING * * *
You hit the orc.
The orc is almost dead.
You closely miss something. The orc barely misses you.
Something hits you but does no damage. The orc completely misses you.
Something completely misses you.
You see here 16 gold pieces.
The orc attacks as you move away! The orc hits you with a +0 morningstar.
* * * LOW HITPOINT WARNING * * *
Something hits you.
* * * LOW HITPOINT WARNING * * *
You hit the orc.
You kill the orc!
Okawaru accepts your kill.
You completely miss something. Something hits you.
* * * LOW HITPOINT WARNING * * *
You slash something! Something hits you but does no damage.
You hear some strange, mumbled words.
A magic dart appears from out of thin air!
The magic dart hits you!
You die...

..........### .. ..
............###.##.#
.........#...#....#
##.....##†.<..##
##...)....†.....##
#................#
#................#
#.....){.........#.
#.....@............
#<...............#..
#..........?.....#..
##.........!....##
##.....##<....##
##############


There were no monsters in sight!

Vanquished Creatures
  A jelly (D:4)
  Jessica (D:3)
  Ijyb (D:3)
  Natasha (thrice) (D:3)
  3 adders
  3 dart slugs (D:2)
  3 orcs
  3 bats
  2 endoplasms
  3 giant cockroaches
  3 goblins
  7 hobgoblins
  3 jackals
  5 quokkas
  4 ball pythons
  A frilled lizard (D:2)
  5 kobolds
  7 rats
58 creatures vanquished.

Vanquished Creatures (others)
  4 toadstools (D:1)
4 creatures vanquished.

Grand Total: 62 creatures vanquished

Notes
Turn   | Place    | Note
-------+----------+-------------------------------------------
     0 | D:1      | themarg the Hill Orc Monk began the quest for the Orb.
     0 | D:1      | Reached XP level 1. HP: 19/19 MP: 1/1
    79 | D:1      | Reached XP level 2. HP: 25/27 MP: 2/2
   863 | D:2      | Reached skill level 4 in Fighting
   896 | D:2      | Reached XP level 3. HP: 29/33 MP: 3/3
  1139 | D:2      | Found an iron altar of Okawaru.
  1147 | D:2      | Became a worshipper of Warmaster Okawaru
  1147 | D:2      | Reached * piety under Okawaru
  1147 | D:2      | Reached ** piety under Okawaru
  1435 | D:2      | Reached XP level 4. HP: 37/41 MP: 4/4
  1747 | D:3      | Found a faded altar of an unknown god.
  1766 | D:3      | Reached skill level 1 in Invocations
  1766 | D:3      | Noticed Jessica
  1777 | D:3      | Killed Jessica
  1978 | D:3      | Noticed Ijyb
  2149 | D:3      | Noticed Natasha
  2172 | D:3      | Killed Natasha
  2173 | D:3      | Reached skill level 5 in Fighting
  2173 | D:3      | Reached XP level 5. HP: 27/48 MP: 6/6
  2359 | D:3      | Noticed a kobold brigand
  2434 | D:3      | Killed Ijyb
  2664 | D:3      | Noticed Natasha
  2676 | D:3      | Killed Natasha
  2684 | D:3      | Noticed Natasha
  2693 | D:3      | Killed Natasha
  2746 | D:4      | HP: 1/48 [acid (3)]
  2970 | D:4      | Reached XP level 6. HP: 33/57 MP: 4/8
  2993 | D:4      | HP: 1/57 [something (3)]
  2995 | D:4      | Killed from afar by an orc wizard

Illustrated notes

Levels and vault maps discovered:
D:1:      ldierk_walled_garden_2, layout_basic, minmay_close_crescents
D:2:      layout_loops_ring, basic_altar
D:3:      layout_loops_ring, basic_ecumenical_altar, lightli_corner_chamber,
          uniq_natasha, uniq_jessica, uniq_ijyb
D:4:      layout_rooms, nicolae_tso_carved_into_rock, grunt_qazlal_clouds

Skill      XL: |  1  2  3  4  5 |
---------------+----------------+-----
Stealth        | 2 3 |  3.0
Fighting       | 4 5 |  5.9
Invocations    | 1 3 |  3.0
Dodging        | 3 |  3.0
Axes           | |  4.1

Action                   |  1- 3 |  4- 6 || total
-------------------------+-------+-------++-------
Melee: Hand axe          |   113 |   125 ||   238
       Punch             |       |     1 ||     1
       Unarmed           |       |     3 ||     3
Invok: Heroism           |       |     5 ||     5
  Use: Scroll            |       |     3 ||     3
       Potion            |       |     3 ||     3
 Stab: Sleeping          |     2 |     5 ||     7
Armor: Robe              |     6 |       ||     6
       Leather armour    |    13 |    30 ||    43
Dodge: Dodged            |    69 |    73 ||   142

Table legend: (Time is in decaauts)
 A = Elapsed time spent in this place.
 B = Non-inter-level travel time spent in this place.
 C = Inter-level travel time spent in this place.
 D = Time resting spent in this place.
 E = Time spent auto-exploring this place.
 F = Levels seen in this place.
 G = Mean time per level.
                   A        B        C        D        E       F      G
               +--------+--------+--------+--------+--------+-----+--------+
         Total |   3005 |   2783 |    222 |    333 |   1866 |   4 |  751.2 |
       Dungeon |   3005 |   2783 |    222 |    333 |   1866 |   4 |  751.2 |
               +--------+--------+--------+--------+--------+-----+--------+

Top non-repeatable levels by time:
     D:3: 1182 daAuts
     D:2: 974 daAuts
     D:1: 783 daAuts
     D:4: 65 daAuts
